 Dungeon Crawl Stone Soup version 0.32-a0-876-gcfddb08e57 (webtiles) character file.

Game seed: 4636468505084567344

162 Autsider the Magician (level 5, -2/28 HPs)
             Began as a Deep Elf Hedge Wizard on Mar 31, 2024.
             Succumbed to a kobold brigand's curare-tipped dart
             ... on level 3 of the Dungeon.
             The game lasted 00:10:46 (3883 turns).

Autsider the Magician (Deep Elf Hedge Wizard)       Turns: 3883, Time: 00:10:47

Health: -2/28      AC:  2    Str:  7    XL:     5   Next: 19%
Magic:  11/13      EV: 11    Int: 21    God:
Gold:   85         SH:  0    Dex: 14    Spells: 6/12 levels left

rFire   . . .        (no weapon)
rCold   . . .        (no shield)
rNeg    . . .        b - +0 robe
rPois   .            c - +0 hat
rElec   .            (no cloak)
rCorr   .            (no gloves)
SInv    .            (no boots)
Will    .....        (no amulet)
Stlth   ++           (no ring)
HPRegen 0.24/turn    (no ring)
MPRegen 0.13/turn

%: no passive effects
@: lethally poisoned (-2 -> -27), slowed, very slow
A: no striking features
a: no special abilities


You were on level 3 of the Dungeon.
You visited 1 branch of the dungeon, and saw 3 of its levels.
You also visited: Sewer.

You collected 85 gold pieces.

Inventory:

Armour
 b - a +0 robe (worn)
 c - a +0 hat (worn)
Magical Staves
 h - a staff of earth {!a}
Scrolls
 f - a scroll of identify
 g - a scroll of noise
Potions
 a - a potion of mutation
 d - 2 potions of magic
 i - a potion of might
 k - 5 potions of curing {unknown}
 l - a potion of heal wounds {unknown}
 m - a potion of cancellation {unknown}


   Skills:
 - Level 2.4 Dodging
 - Level 2.4 Stealth
 - Level 4.4 Spellcasting
 + Level 2.9 Conjurations
 + Level 3.1 Summonings
 - Level 1.1 Translocations
 + Level 2.3 Air Magic
 + Level 2.3 Alchemy


You had 6 spell levels left.
You knew the following spells:

 Your Spells              Type           Power      Damage    Failure   Level
a - Magic Dart            Conj           68%        1d6       3%          1
b - Mephitic Cloud        Conj/Alch/Air  15%        N/A       12%         3
A - Call Imp              Summ           34%        N/A       4%          2

Your spell library contained the following spells:

 Spells                   Type           Power      Damage    Failure   Level
 Cigotuvi's Dreadful Rot  Necr/Alch/Air  22%        N/A       10%         2
 Blink                    Tloc           18%        N/A       11%         2
 Slow                     Hex            16%        N/A       12%         1
 Jinxbite                 Hex            8%         N/A       17%         2
 Yara's Violent Unravell  Hex/Alch       4%         3d4       89%         5
 Enfeeble                 Hex            2%         N/A       100%        7


Dungeon Overview and Level Annotations

Branches:
Dungeon (3/15)              Sewer (visited)

Altars:

Shops:
D:2 :


Message History

A tiny devil pulls itself out of the air.
Something hits your cerulean imp!
Something completely misses your cerulean imp.
You see here a +0 dagger.
The kobold brigand throws a curare-tipped dart.
The curare-tipped dart hits your cerulean imp.
What are your orders? t - Shout!
Orders for allies: a - Attack new target. r - Retreat! s - Stop attacking. g - Guard the area. f - Follow me.
Anything else - Cancel.
Gang up on whom?
Press: ? - help, Dir - move target, f - kobold brigand
Aim: a kobold brigand, wielding a +0 short sword and quivering curare-tipped darts Attack!
The kobold brigand throws a curare-tipped dart.
The curare-tipped dart misses your cerulean imp.
The curare-tipped dart hits you.
You are poisoned.
You have difficulty breathing.
* * * LOW HITPOINT WARNING * * *
You feel yourself slow down.
* * * LOW HITPOINT WARNING * * *
You feel very sick.
Your cerulean imp barely misses the kobold brigand.
* * * LOW HITPOINT WARNING * * *
You feel very sick.
The kobold brigand throws a curare-tipped dart.
The curare-tipped dart closely misses your cerulean imp.
The curare-tipped dart hits you.
You are lethally poisoned!
You have difficulty breathing.
* * * LOW HITPOINT WARNING * * *
You feel as though you will be slow longer.
Your cerulean imp hits the kobold brigand but does no damage.
The kobold brigand misses your cerulean imp.
Your cerulean imp misses the kobold brigand.
There is a stone staircase leading up here.
You die...

#.....K..##
#........#
#.###.#..# >..#
#.#..# #.###
#.#..# +..
#.#..###### #.
#.#.......# #.
#.#.#####.#
#####.#@..#
#.....#.#.#
#.#####.#.#
#.....#.# #
###...#.#
###K..#5# #
#.....#K# #
####.##..#.# ##
#
...........#...


You could see a kobold brigand (ally target) and a friendly cerulean imp
(summoned).

Vanquished Creatures
  An iguana (D:3)
  3 adders
  2 river rats (Sewer)
  2 dart slugs
  2 ribbon worms (Sewer)
  An orc (D:3)
  10 ball pythons
  4 endoplasms
  3 giant cockroaches
  7 goblins
  6 hobgoblins
  A jackal (D:2)
  16 kobolds
  3 quokkas
  4 bats
  A frilled lizard (D:2)
  3 rats
69 creatures vanquished.

Vanquished Creatures (collateral kills)
  2 ribbon worms
  3 jackals (D:2)
5 creatures vanquished.

Grand Total: 74 creatures vanquished

Notes
Turn   | Place    | Note
-------+----------+-------------------------------------------
     0 | D:1      | Autsider the Deep Elf Hedge Wizard began the quest for the
                  | Orb.
     0 | D:1      | Reached XP level 1. HP: 10/10 MP: 7/7
   258 | D:1      | Reached XP level 2. HP: 15/15 MP: 0/9
   346 | D:1      | Learned a level 2 spell: Call Imp
   514 | D:1      | Reached skill level 1 in Alchemy
   591 | D:1      | Reached skill level 1 in Air Magic
  1175 | D:2      | Reached XP level 3. HP: 19/19 MP: 7/10
  1183 | D:2      | Learned a level 3 spell: Mephitic Cloud
  2005 | D:2      | Found Muarphouc's Book Shop.
  2492 | D:3      | Reached XP level 4. HP: 20/24 MP: 2/12
  2591 | D:3      | Found a glowing drain.
  2932 | Sewer    | Entered a sewer
  3272 | Sewer    | Reached XP level 5. HP: 28/28 MP: 6/13
  3761 | Sewer    | Noticed a crocodile
  3883 | D:3      | Succumbed to a kobold brigand's curare-tipped dart

Illustrated notes

Levels and vault maps discovered:
D:1:      dpeg_arrival_tiny_a, layout_basic, serial_bayou_pond_b
D:2:      layout_loops_corners, serial_shops, nicolae_shop_hallway_stairs
D:3:      layout_basic, mainiacjoe_overflow_alcove_2, lemuel_round_altar,
          mainiacjoe_overflow_alcove_4, mainiacjoe_overflow_six_doors_small,
          elyvilon_altar_5, gup_sewer_entry_glass

Skill      XL: |  1  2  3  4 |
---------------+-------------+-----
Alchemy        | 1 2 |  2.3
Air Magic      | 1 2 |  2.3
Conjurations   | 2 |  2.9
Summonings     | 2 3 |  3.1
Dodging        | |  2.4
Stealth        | |  2.4
Spellcasting   | |  4.4
Translocations | |  1.1

Action                     |  1- 3 |  4- 6 || total
---------------------------+-------+-------++-------
  Melee: Unarmed           |     3 |       ||     3
   Cast: Magic Dart        |   106 |    94 ||   200
         Call Imp          |     5 |     9 ||    14
    Use: Scroll            |     3 |     3 ||     6
         Potion            |       |     1 ||     1
 Armour: Robe              |    10 |    22 ||    32
  Dodge: Dodged            |    20 |    23 ||    43

Table legend: (Time is in decaauts)
 A = Elapsed time spent in this place.
 B = Non-inter-level travel time spent in this place.
 C = Inter-level travel time spent in this place.
 D = Time resting spent in this place.
 E = Time spent auto-exploring this place.
 F = Levels seen in this place.
 G = Mean time per level.
                   A        B        C        D        E       F      G
               +--------+--------+--------+--------+--------+-----+--------+
         Total |   3958 |   3871 |     87 |    560 |   2643 |   4 |  989.5 |
       Dungeon |   3059 |   2972 |     87 |    328 |   2125 |   3 | 1019.7 |
         Sewer |    898 |    898 |      0 |    232 |    518 |   1 |  898.0 |
               +--------+--------+--------+--------+--------+-----+--------+

Top non-repeatable levels by time:
     D:2: 1265 daAuts
     D:1: 1178 daAuts
   Sewer: 898 daAuts
     D:3: 616 daAuts
